 Dungeon Crawl Stone Soup version 0.29.0-7-g18a832c13a (webtiles) character file.

Game seed: 10015269864195948990

14 browni3141 the Cudgeller (level 2, -5/26 HPs)
             Began as a Meteoran Delver on Aug 31, 2022.
             Was an Initiate of the Shining One.
             Killed by divine providence
             ... invoked by an orc priest
              (11 damage)
             ... on level 5 of the Dungeon.
             The game lasted 00:03:33 (322 turns).

browni3141 the Cudgeller (Meteoran Delver)           Turns: 322, Time: 00:03:34

Health: -5/26      AC:  4    Str: 13    XL:     2   Next: 76%
Magic:  3/3        EV: 12    Int: 11    God:    the Shining One [......]
Gold:   19         SH:  0    Dex: 15    Spells: 1/1 levels left

rFire   . . .      SeeInvis .   a - +2 whip (flame)
rCold   . . .      Faith    .   (no shield)
rNeg    . . .      Spirit   .   h - +0 leather armour
rPois   .          Reflect  .   (no helmet)
rElec   .          Harm     .   (no cloak)
rCorr   .          Rampage  .   k - +0 pair of gloves
Will    .....                   (no boots)
Stlth   +.........              (no amulet)
HPRegen 0.08/turn               (no ring)
MPRegen 0.08/turn               (no ring)

@: confused, hasted, glowing, very quick
A: sense surroundings 1, otherworldly, glowing, explore regen
a: Renounce Religion


You were on level 5 of the Dungeon.
You worshipped the Shining One.
The Shining One was noncommittal.
You visited 2 branches of the dungeon, and saw 3 of its levels.

You collected 19 gold pieces.


Innate Abilities, Weirdness & Mutations

You passively map a small area around you.
You are easily found by Zot.
You glow in the dark.
You regain HP and MP as you explore.


   Skills:
 - Level 3.2 Fighting
 * Level 4.0 Maces & Flails
 - Level 2.4 Dodging
 - Level 3.7 Stealth


You had one spell level left.
You didn't know any spells.
Your spell library was empty.

Inventory:

Hand Weapons
 a - a +2 whip of flaming (weapon)
 b - a +0 sling
 i - a +0 mace
Armour
 h - a +0 leather armour (worn)
 k - a +0 pair of gloves (worn)
Wands
 g - a wand of digging (3)
Scrolls
 d - a scroll of magic mapping
 j - a scroll of torment {unknown}

Dungeon Overview and Level Annotations

Branches:
Dungeon (6/15) Zot: 969    Temple (1/1) D:5 Zot: 504

Altars:
Dithmenos
Elyvilon
Fedhas
Gozag
Nemelex Xobeh
Qazlal
Ru
Uskayaw
Wu Jian
Yredelemnul
Zin
The Shining One

, * ############# , ,
,*#.@o§§§§§...##### ,
........#§§§§§.......#
*
.....#.§§§§§§#.#.###.#
* ##o. #.§§..#.#.#.# *
, ... .........#.#.#
,* * ##
,o.......Y#.#.# #
*.......>##.#.###.# *
...#..<#.##.).....# *
*, ...#. ####.####


You could see an orc priest, an orc wizard and an orc.


Message History

The ice beast is moderately wounded.
The ice beast hits you.
* * * LOW HITPOINT WARNING * * *
The ice beast freezes you!
* * * LOW HITPOINT WARNING * * *
You hit the ice beast.
You melt the ice beast.
The ice beast is heavily wounded.
The ice beast hits you but does no damage.
Unknown command.
As you read the scroll of fear, it crumbles to dust.
You assume a fearsome visage.
The ice beast looks frightened!
An orc priest comes into view. It is wielding a +0 falchion.
The orc priest shouts!
Unknown command.
As you read the scroll of fog {@r5}, it crumbles to dust.
The scroll dissolves into smoke.
You feel yourself speed up.
An orc wizard comes into view. It is wielding a +0 dagger.
There is a stone staircase leading up here.
The orc wizard shouts!
You hit the orc priest but do no damage.
An orc comes into view. It is wielding a +0 trident.
The orc shouts!
You hit the orc priest. You burn the orc priest.
The orc priest is moderately wounded.
The orc wizard casts a spell at you.
You are confused.
The orc priest mumbles some strange prayers to Beogh against you.
Beogh smites you!
You die...

Skill      XL: |  1  2 |
---------------+-------+-----
Maces & Flails | 3 4 |  4.0
Fighting       | |  3.2
Dodging        | |  2.4
Stealth        | |  3.7

Action                   || total
-------------------------++-------
Melee: Whip              ||    20
       Mace              ||     7
 Fire: Sling             ||    12
  Use: Scroll            ||     3
       Potion            ||     1
Armor: Leather armour    ||    16
Dodge: Dodged            ||    28

Levels and vault maps discovered:
D:5:      layout_basic, temple_pool_b, uniq_blork_the_orc
D:6:      layout_gridville
Temple:   nicolae_temple_hex_pool

Notes
Turn   | Place    | Note
-------+----------+-------------------------------------------
     0 | D:5      | browni3141 the Meteoran Delver began the quest for the Orb.
     0 | D:5      | Reached XP level 1. HP: 19/19 MP: 2/2
    32 | D:5      | Found a staircase to the Ecumenical Temple.
    41 | Temple   | Entered the Ecumenical Temple
   116 | Temple   | Became a worshipper of the Shining One
   144 | D:5      | Reached skill level 3 in Maces & Flails
   177 | D:5      | Noticed a scorpion
   203 | D:5      | Reached XP level 2. HP: 9/26 MP: 3/3
   286 | D:5      | Noticed an ice beast
   298 | D:5      | Reached skill level 4 in Maces & Flails
   322 | D:5      | Killed from afar by an orc priest

Vanquished Creatures
  An ufetubus (D:5)
  4 orcs (D:5)
5 creatures vanquished.

Table legend: (Time is in decaauts)
 A = Elapsed time spent in this place.
 B = Non-inter-level travel time spent in this place.
 C = Inter-level travel time spent in this place.
 D = Time resting spent in this place.
 E = Time spent auto-exploring this place.
 F = Levels seen in this place.
 G = Mean time per level.
                   A        B        C        D        E       F      G
               +--------+--------+--------+--------+--------+-----+--------+
         Total |    326 |    307 |     19 |      0 |     61 |   3 |  108.7 |
       Dungeon |    230 |    230 |      0 |      0 |      0 |   2 |  115.0 |
        Temple |     95 |     76 |     19 |      0 |     61 |   1 |   95.0 |
               +--------+--------+--------+--------+--------+-----+--------+

Top non-repeatable levels by time:
     D:5: 228 daAuts
  Temple: 95 daAuts
     D:6: 1 daAuts

Table legend:
 A = Non-vault XP
 B = Vault XP
 C = Vault XP percentage of total XP
 D = Non-vault monster count
 E = Vault monster count
 F = Vault count percentage of total count
                 A         B        C        D         E       F
            +---------+---------+-------+---------+---------+-------
      Total |      20 |       0 |   0.0 |       5 |       0 |   0.0
            +---------+---------+-------+---------+---------+-------
        D:5 |      20 |       0 |   0.0 |       5 |       0 |   0.0
            +---------+---------+-------+---------+---------+-------
